 Dungeon Crawl Stone Soup version 0.30-a0-937-ga0a21ad780 (webtiles) character file.

Game seed: 4379978550614572657

509 kiwi3s the Chopper (level 6, -1/57 HPs)
             Began as a Minotaur Berserker on Mar 24, 2023.
             Was a Priest of Trog.
             Slain by an orc wizard
             ... wielding a +0 dagger of electrocution
              (14 damage)
             ... on level 4 of the Dungeon.
             The game lasted 00:03:05 (2557 turns).

kiwi3s the Chopper (Minotaur Berserker)             Turns: 2557, Time: 00:03:06

Health: -1/57      AC: 10    Str: 23    XL:     6   Next: 98%
Magic:  5/5        EV:  9    Int:  4    God:    Trog [***...]
Gold:   101        SH:  0    Dex: 10    Spells: 5/5 levels left

rFire   . . .      SeeInvis .    p - +0 war axe
rCold   . . .      Faith    .    (no shield)
rNeg    . . .      Spirit   .    t - +0 chain mail
rPois   .          Reflect  .    d - +1 hat
rElec   .          Rampage  .    (no cloak)
rCorr   .                        (no gloves)
Will    .....                    (no boots) Stlth
                                 (no amulet)
HPRegen 0.29/turn                (no ring)
MPRegen 0.09/turn                (no ring)

@: confused
A: horns 2, retaliatory headbutt
a: Renounce Religion, Berserk, Trog's Hand


You were on level 4 of the Dungeon.
You worshipped Trog.
Trog was most pleased with you.
You visited 1 branch of the dungeon, and saw 4 of its levels.

You collected 101 gold pieces.

Inventory:

Hand Weapons
 a - a +0 hand axe
 p - a +0 war axe (weapon)
Armour
 b - a +0 animal skin
 d - a +1 hat (worn)
 t - a +0 chain mail (worn)
Jewellery
 r - the ring of the Heavens {Fly rF+ rN+ Str+3 Int-4}
   (You found it on level 3 of the Dungeon)

   [ring of flight]

   Str:       It affects your strength (+3).
   Int:       It affects your intelligence (-4).
   rF:        It protects you from fire.
   rN:        It protects you from negative energy.
   Fly:       It grants you flight.
 v - an amulet of the acrobat
Wands
 o - a wand of flame (14)
Scrolls
 e - 2 scrolls of poison {unknown}
 g - a scroll of brand weapon {unknown}
 h - 4 scrolls of identify {unknown}
 i - 2 scrolls of enchant armour {unknown}
 m - 5 scrolls of teleportation {unknown}
 n - 3 scrolls of vulnerability {unknown}
 q - a scroll of fog {unknown}
 s - 3 scrolls of enchant weapon {unknown}
 u - a scroll of amnesia {unknown}
Potions
 c - 3 potions of heal wounds {unknown}
 f - a potion of experience {unknown}
 j - a potion of berserk rage {unknown}
 k - 3 potions of lignification {unknown}
 l - 2 potions of might {unknown}


   Skills:
 + Level 5.7 Fighting
 + Level 5.7 Axes
 + Level 5.0 Armour
 + Level 4.5 Dodging


You had 5 spell levels left.
You didn't know any spells.
Your spell library was empty.

Dungeon Overview and Level Annotations

Branches:
Dungeon (4/15)             Temple (0/1) D:4

Altars:
Makhleb
Xom

Shops:
D:2 *


Innate Abilities, Weirdness & Mutations

You have a pair of horns on your head.
You reflexively headbutt those who attack you in melee.


Message History

The magic dart hits you but does no damage.
You bump into the rock wall.
Something hits you.
You bump into the rock wall.
You hear some strange, mumbled words.
You are more confused.
You bump into the rock wall.
Something hits you but does no damage. Something hits you.
You closely miss something.
You hear some strange, mumbled words.
Something tries to affect you, but you resist.
You bump into the rock wall.
Something hits you but does no damage.
You are electrocuted!!
You bump into the rock wall.
Something hits you but does no damage.
You miss something. Your headbutt misses something.
You hear some strange, mumbled words.
You are more confused.
You bump into the rock wall.
Something hits you but does no damage.
You are electrocuted!
* * * LOW HITPOINT WARNING * * *
You bump into the rock wall.
Something hits you but does no damage.
You bump into the rock wall.
Something hits you.
* * * LOW HITPOINT WARNING * * *
You bump into the rock wall.
Something hits you but does no damage.
You miss something. Something hits you but does no damage.
Something hits you but does no damage.
You hear some strange, mumbled words.
A puff of flame appears from out of thin air!
The puff of flame hits you.
* * * LOW HITPOINT WARNING * * *
You bump into the rock wall.
You closely miss something. Your headbutt misses something.
Something hits you but does no damage. x2
You bump into the rock wall.
You hear some strange, mumbled words.
A magic dart appears from out of thin air!
The magic dart hits you.
* * * LOW HITPOINT WARNING * * *
You completely miss something. Something hits you but does no damage.
You are electrocuted!
You die...

#.#.#########
.
#....))o{@..#
.
###.#######.##
# #.....# #
#.###.# #.#
#.# #.###.#
#.....# .
###†### #.#
####.#


You could see an orc.

Vanquished Creatures
  Grinder (D:3)
  Blork the orc (D:4)
  Ijyb (D:3)
  Jessica (D:3)
  2 iguanas (D:4)
  Terence (D:3)
  6 adders
  An ufetubus (D:4)
  8 orcs (D:4)
  10 ball pythons
  6 bats
  8 endoplasms
  4 giant cockroaches
  10 goblins
  6 hobgoblins
  4 jackals (D:1)
  A quokka (D:3)
  4 frilled lizards
  4 kobolds
  A rat (D:1)
80 creatures vanquished.

Notes
Turn   | Place    | Note
-------+----------+-------------------------------------------
     0 | D:1      | kiwi3s the Minotaur Berserker began the quest for the Orb.
     0 | D:1      | Reached XP level 1. HP: 19/19 MP: 0/0
   166 | D:1      | Reached XP level 2. HP: 27/27 MP: 1/1
   295 | D:1      | Reached ** piety under Trog
   553 | D:1      | Reached XP level 3. HP: 33/33 MP: 2/2
   830 | D:2      | Found Ipawi's General Store.
  1058 | D:2      | Found a shimmering altar of Xom.
  1098 | D:2      | Reached XP level 4. HP: 40/41 MP: 3/3
  1462 | D:3      | Noticed Ijyb
  1473 | D:3      | Killed Ijyb
  1660 | D:3      | Identified the ring of the Heavens {Fly rF+ rN+ Str+3
                  | Int-4}
  1823 | D:3      | Noticed Jessica
  1832 | D:3      | Killed Jessica
  1833 | D:3      | Reached XP level 5. HP: 47/47 MP: 4/4
  1888 | D:3      | Found a burning altar of Makhleb.
  2033 | D:3      | Noticed Terence
  2040 | D:3      | Killed Terence
  2191 | D:3      | Noticed Grinder
  2192 | D:3      | Paralysed by Grinder for 3 turns
  2205 | D:3      | Killed Grinder
  2206 | D:3      | Reached skill level 5 in Fighting
  2206 | D:3      | Reached skill level 5 in Axes
  2206 | D:3      | Reached XP level 6. HP: 56/56 MP: 5/5
  2258 | D:4      | Found a staircase to the Ecumenical Temple.
  2260 | D:4      | Noticed Blork the orc
  2272 | D:4      | Killed Blork the orc
  2358 | D:4      | Reached *** piety under Trog
  2462 | D:4      | Reached skill level 5 in Armour
  2557 | D:4      | Slain by an orc wizard

Illustrated notes

Levels and vault maps discovered:
D:1:      wander_arrival_lonely_grave, layout_basic
D:2:      layout_basic, serial_shops, shop_fountains, basic_altar
D:3:      layout_rooms, lightli_temple_of_fire, uniq_grinder, uniq_ijyb,
          uniq_terence, uniq_jessica
D:4:      layout_loops_ring, cheibriados_altar_1, temple_fountains, st_stairs_6,
          uniq_blork_the_orc

Skill      XL: |  1  2  3  4  5  6 |
---------------+-------------------+-----
Fighting       | 4 5 |  5.7
Axes           | 4 5 |  5.7
Armour         | 3 4 5 |  5.0
Dodging        | 3 4 |  4.5

Action                     |  1- 3 |  4- 6 || total
---------------------------+-------+-------++-------
  Melee: Hand axe          |    80 |    20 ||   100
         Headbutt          |    14 |    10 ||    24
         War axe           |       |    88 ||    88
 Invoke: Berserk           |       |     2 ||     2
   Stab: Sleeping          |     1 |       ||     1
 Armour: Animal skin       |    24 |    14 ||    38
         Chain mail        |       |    35 ||    35
  Dodge: Dodged            |    46 |    52 ||    98

Table legend: (Time is in decaauts)
 A = Elapsed time spent in this place.
 B = Non-inter-level travel time spent in this place.
 C = Inter-level travel time spent in this place.
 D = Time resting spent in this place.
 E = Time spent auto-exploring this place.
 F = Levels seen in this place.
 G = Mean time per level.
                   A        B        C        D        E       F      G
               +--------+--------+--------+--------+--------+-----+--------+
         Total |   2607 |   2561 |     46 |    123 |   1947 |   4 |  651.8 |
       Dungeon |   2607 |   2561 |     46 |    123 |   1947 |   4 |  651.8 |
               +--------+--------+--------+--------+--------+-----+--------+

Top non-repeatable levels by time:
     D:3: 830 daAuts
     D:2: 763 daAuts
     D:1: 704 daAuts
     D:4: 307 daAuts
